 Dungeon Crawl Stone Soup version 0.23.2 (webtiles) character file.

Game seed: 11978817006867094645

48132 Gargoyl the Schismatic (level 14, -3/115 HPs)
             Began as a Centaur Abyssal Knight on Apr 3, 2019.
             Was an Elder of Lugonu.
             Slain by a komodo dragon (15 damage)
             ... on level 6 of the Lair of Beasts.
             The game lasted 00:36:41 (28853 turns).

Gargoyl the Schismatic (Centaur Abyssal Knight)    Turns: 28853, Time: 00:36:42

Health: -3/115     AC: 21    Str: 23    XL:     14   Next: 11%
Magic:  22/22      EV:  6    Int: 11    God:    Lugonu [****..]
Gold:   954        SH: 14    Dex: 12    Spells: 13/13 levels left

rFire    . . .     SeeInvis .   l - +3 war axe (chaos)
rCold    . . .     Gourm    .   d - +2 shield
rNeg     . . .     Faith    .   u - +0 plate armour
rPois    +         Spirit   .   n - +2 helmet
rElec    .         Reflect  .   F - +1 cloak
rCorr    .         Harm     .   m - +2 pair of gloves
MR       ++...     Rnd*Rage +   (no barding)
Stlth    ..........             (no amulet)
HPRegen  0.29/turn              j - ring of protection from magic
MPRegen  0.18/turn              t - +6 ring of strength

@: lethally poisoned (-3 -> -4), very quick
A: large, hooves 3, berserk 1, deformed body, speed 2, mutation resistance 1,
poison resistance, tough skin 3
a: Depart the Abyss, Bend Space, Banish, Corrupt, Renounce Religion


You were on level 6 of the Lair of Beasts.
You worshipped Lugonu.
Lugonu was greatly pleased with you.
You were not hungry.

You visited 3 branches of the dungeon, and saw 18 of its levels.
You visited the Abyss 1 time.

You collected 954 gold pieces.

Inventory:

Hand Weapons
 a - a +1 hand axe
 l - a +3 war axe of chaos (weapon)
Missiles
 s - 4 javelins (quivered)
Armour
 d - a +2 shield (worn)
 m - a +2 pair of gloves (worn)
 n - a +2 helmet (worn)
 u - a +0 plate armour (worn)
 F - a +1 cloak (worn)
Jewellery
 j - a ring of protection from magic (left hand)
 t - a +6 ring of strength (right hand)
 z - an uncursed ring of see invisible
 C - an uncursed ring of poison resistance
Wands
 f - a wand of disintegration (18)
 p - a wand of random effects (9)
 q - a wand of enslavement (6)
 r - a wand of clouds (3)
 v - a wand of polymorph (11)
 x - a wand of flame (23)
 A - a wand of digging (3)
Scrolls
 e - 3 scrolls of identify
 h - 3 scrolls of blinking
 i - 3 scrolls of teleportation
 k - 5 scrolls of remove curse
 y - a scroll of magic mapping
 E - a scroll of silence
Potions
 b - 3 potions of curing
 g - a potion of cancellation
 w - a potion of agility
 B - a potion of heal wounds
Miscellaneous
 D - a phantom mirror
Comestibles
 c - 17 rations
 o - 18 chunks of flesh


   Skills:
 + Level 8.2 Fighting
 + Level 11.3 Axes
 + Level 2.0 Throwing
 * Level 9.7 Armour
 + Level 2.6 Dodging
 * Level 9.4 Shields
 * Level 11.4 Invocations
 + Level 0.5 Evocations


You had 13 spell levels left.
You didn't know any spells.
Your spell library contained the following spells:

 Spells                   Type           Power        Failure   Level  Hunger
 Animate Skeleton         Necr           N/A          99%         1    ##.....
 Corona                   Hex            #......      99%         1    ##.....
 Pain                     Necr           #...         99%         1    ##.....
 Ensorcelled Hibernation  Hex/Ice        #.....       100%        2    ###....
 Confuse                  Hex            #.......     100%        3    ####...
 Dazzling Spray           Conj/Hex       #.....       100%        3    ####...
 Regeneration             Chrm/Necr      #.........   100%        3    ####...
 Tukima's Dance           Hex            #.......     100%        3    ####...
 Vampiric Draining        Necr           #.........   100%        3    ####...
 Animate Dead             Necr           N/A          100%        4    #####..


Dungeon Overview and Level Annotations

Branches:
Dungeon (11/15)            Temple (1/1) D:7            Lair (6/6) D:10
 Shoals (0/4) Lair:2        Snake (0/4) Lair:2        Slime (0/5) Lair:6
    Orc (0/2) D:9

Altars:
Ashenzari
Cheibriados
Elyvilon
Gozag
Hepliaklqana
Kikubaaqudgha
Nemelex Xobeh
Okawaru
Ru
Uskayaw
Wu Jian
Xom
Zin
The Shining One

Shops:
D:8 :

Annotations:
D:3 Revguard's ghost, amateur DsGl
Abyss:1 Joseph; Maurice; Rupert


Innate Abilities, Weirdness & Mutations

You have hooves in place of feet.
Armour fits poorly on your strangely shaped body.
You cover ground very quickly.
You have extremely tough skin. (AC +3)
You tend to lose your temper in combat.
You are somewhat resistant to further mutation.
Your system is resistant to poisons. (rPois)


Message History

Something stings you but does no damage.
You feel sick. You block the wyvern's attack.
You feel sick.
The wyvern bites you but does no damage.
You block something's attack.
You feel sick.
Your surroundings suddenly seem different.
An elephant comes into view.
The elephant trumpets!
A komodo dragon comes into view.
You feel sick.
A komodo dragon comes into view.
You feel sick.
Found 20 gold pieces.
Found a stone staircase leading up.
You feel sick.
You feel sick.
You feel sick.
There is a stone staircase leading up here.
The komodo dragon bites you!
You die...

# ##..### ##
##l.## ###...##
#....#.###
###........
#..P........
..###$.....##...
........lP#.#
###
≈#.#P..PP@.##
##..#P.##
#####.. #...
P.P## ..## ...
..#..≈. #..#
..#....


You could see 2 komodo dragons.

Vanquished Creatures
  Gastronok (Lair:1)
  Harold (D:7)
  Erica (D:8)
  A two-headed ogre (D:9)
  6 death yaks
  Nergalle (Lair:3)
  2 sea snakes (Lair:6)
  A lindwurm (Lair:5)
  A manticore (D:10)
  6 elephants (Lair:3)
  A black mamba (Lair:1)
  10 spiny frogs
  A rime drake (Lair:5)
  3 komodo dragons
  A queen bee (Lair:3)
  3 trolls (D:10)
  A hornet (D:9)
  7 blink frogs
  A merfolk (D:10)
  Prince Ribbit (D:7)
  12 hippogriffs
  Sigmund (D:2)
  6 wyverns (D:10)
  3 hogs
  A wraith (D:10)
  56 yaks
  4 basilisks
  Menkaure (D:6)
  4 hungry ghosts
  3 nagas (Lair:1)
  Edmund (D:6)
  11 porcupines
  9 water moccasins
  5 ice beasts
  6 orc warriors
  2 sky beasts (D:10)
  9 black bears
  10 wolves
  A necrophage (D:8)
  5 centaurs
  6 ogres
  An eye of draining (D:9)
  4 phantoms
  13 crocodiles
  5 big kobolds (D:10)
  20 bullfrogs
  A wyvern skeleton (D:9)
  2 scorpions
  A water moccasin skeleton (D:9)
  31 killer bees
  8 electric eels
  A howler monkey (D:5)
  2 crimson imps
  A bullfrog zombie (D:6)
  A quasit (D:8)
  5 orc priests
  3 hounds (D:10)
  2 gnoll shamans
  3 jellies
  A bullfrog skeleton (D:10)
  An iguana (D:4)
  11 orc wizards
  7 worker ants
  2 hound zombies
  2 worker ant zombies (D:6)
  Robin (D:4)
  7 gnolls
  A howler monkey skeleton (D:8)
  14 adders
  2 shadow imps
  An ooze (D:3)
  An adder zombie (D:5)
  9 worms
  3 dart slugs (D:1)
  4 leopard geckos
  25 orcs
  4 giant cockroaches
  21 goblins
  5 hobgoblins
  9 jackals
  8 kobolds
  8 quokkas
  A ball python (D:5)
  5 bats
  6 frilled lizards
  A leopard gecko zombie (D:7)
  7 rats
477 creatures vanquished.

Vanquished Creatures (others)
  The ghost of Tutankhamun the Grappler, a journeyman TrMo of Cheibriados (Lair:1)
  3 hydras
  A vampire (D:10)
  An orc warrior (Temple)
  5 electric eels
  A crimson imp (D:7)
  A kobold (D:10)
  5 fungi
  9 plants
27 creatures vanquished.

Grand Total: 504 creatures vanquished

Notes
Turn   | Place    | Note
-------+----------+-------------------------------------------
     0 | Abyss:1  | Gargoyl the Centaur Abyssal Knight began the quest for the
                  | Orb.
     0 | Abyss:1  | Reached XP level 1. HP: 19/19 MP: 2/2
    42 | Abyss:2  | Noticed a ynoxinul
    94 | Abyss:4  | Noticed a neqoxec
    94 | Abyss:4  | Noticed a raiju
    94 | Abyss:4  | Noticed a thrashing horror
    94 | Abyss:4  | Noticed a bone dragon
    95 | Abyss:4  | Noticed a smoke demon
   100 | Abyss:4  | Noticed a polar bear
   102 | D:1      | Escaped the Abyss
   207 | D:1      | Reached * piety under Lugonu
   294 | D:1      | Reached XP level 2. HP: 16/26 MP: 3/3
   299 | D:1      | HP: 1/26 [kobold/+0 club (4)]
   763 | D:1      | Reached skill level 1 in Dodging
  1504 | D:2      | Reached XP level 3. HP: 28/31 MP: 4/4
  1561 | D:2      | Noticed Sigmund
  1563 | D:2      | Gained mutation: Your system is resistant to poisons.
                  | (rPois) [potion of mutation]
  1563 | D:2      | Gained mutation: You tend to lose your temper in combat.
                  | [potion of mutation]
  1563 | D:2      | Gained mutation: You are somewhat resistant to further
                  | mutation. [potion of mutation]
  1579 | D:2      | HP: 1/31 [Sigmund/+0 scythe (5)]
  1580 | D:2      | Killed Sigmund
  1580 | D:2      | Reached skill level 1 in Shields
  1580 | D:2      | Reached XP level 4. HP: 1/40 MP: 4/6
  1580 | D:2      | Reached XP level 5. HP: 1/46 MP: 4/7
  2796 | D:3      | Found a runed translucent door.
  2908 | D:3      | Found a sparkling altar of Nemelex Xobeh.
  2915 | D:3      | Reached XP level 6. HP: 52/52 MP: 8/8
  2959 | D:3      | Reached ** piety under Lugonu
  3023 | D:3      | Found a shimmering altar of Xom.
  3399 | D:3      | Noticed Revguard's ghost (amateur DsGl)
  3467 | D:4      | Noticed Robin
  3483 | D:5      | Entered Level 5 of the Dungeon
  3758 | D:5      | Found a snail-covered altar of Cheibriados.
  3970 | D:4      | Found an ancient bone altar of Kikubaaqudgha.
  4423 | D:4      | Found a sacrificial altar of Ru.
  4505 | D:4      | Reached XP level 7. HP: 49/59 MP: 9/9
  4587 | D:4      | Killed Robin
  5692 | D:5      | Found an opulent altar of Gozag.
  6028 | D:5      | Found a hazy altar of Hepliaklqana.
  6779 | D:6      | Noticed a hungry ghost
  6806 | D:6      | Killed a hungry ghost
  6806 | D:6      | Reached XP level 8. HP: 66/66 MP: 9/11
  6909 | D:6      | Noticed Menkaure
  6917 | D:6      | Killed Menkaure
  7010 | D:6      | Reached *** piety under Lugonu
  7471 | D:6      | Noticed Edmund
  7482 | D:6      | Killed Edmund
  7755 | D:7      | Reached skill level 5 in Axes
  7766 | D:7      | Found a staircase to the Ecumenical Temple.
  7810 | D:7      | Noticed Prince Ribbit
  8276 | D:7      | Reached XP level 9. HP: 65/72 MP: 12/12
  8314 | D:7      | Reached skill level 1 in Throwing
  8500 | D:8      | Noticed Joseph
  8556 | D:7      | Reached skill level 5 in Invocations
  8567 | D:7      | Killed Prince Ribbit
  8567 | D:7      | Reached skill level 5 in Armour
  8945 | Temple   | Entered the Ecumenical Temple
  9295 | D:7      | Found an ornate altar of the Wu Jian Council.
  9320 | D:7      | Reached skill level 5 in Fighting
  9598 | D:7      | Noticed Harold
  9619 | D:7      | Killed Harold
 10133 | D:8      | Reached XP level 10. HP: 81/81 MP: 14/14
 10282 | D:8      | Reached skill level 5 in Shields
 10305 | D:8      | Found a hide-covered altar of Uskayaw.
 10360 | D:8      | Noticed Maurice
 10370 | D:8      | Banished Maurice
 10518 | D:8      | Found an iron altar of Okawaru.
 10725 | D:8      | Banished Joseph
 10767 | D:8      | Noticed Erica
 11022 | D:8      | Found Cedy's Book Shop.
 11215 | D:8      | Killed Erica
 11563 | D:9      | Reached **** piety under Lugonu
 12070 | D:9      | Reached XP level 11. HP: 50/88 MP: 16/16
 12617 | D:9      | Found a staircase to the Orcish Mines.
 12771 | D:9      | Found a white marble altar of Elyvilon.
 12771 | D:9      | Found a glowing golden altar of the Shining One.
 12771 | D:9      | Found a glowing silver altar of Zin.
 12812 | D:10     | Entered Level 10 of the Dungeon
 12816 | D:10     | Noticed a two-headed ogre
 12899 | D:9      | Killed a two-headed ogre
 14304 | D:10     | Found a staircase to the Lair.
 14743 | D:10     | Found a shattered altar of Ashenzari.
 15262 | Lair:1   | Entered Level 1 of the Lair of Beasts
 16643 | D:10     | Got an encrusted battleaxe
 16644 | D:10     | Identified the +5 battleaxe "Vaici" {chop, rF++} (You found
                  | it on level 10 of the Dungeon)
 17229 | D:10     | Reached XP level 12. HP: 84/97 MP: 18/18
 18711 | Lair:1   | Found a runed translucent door.
 18711 | Lair:1   | Noticed Tutankhamun's ghost (journeyman TrMo)
 18734 | Lair:1   | Banished Tutankhamun's ghost
 19017 | Lair:1   | Noticed a six-headed hydra
 19019 | Lair:1   | Banished a six-headed hydra
 19479 | Lair:1   | Noticed Gastronok
 19500 | Lair:1   | Killed Gastronok
 22005 | Lair:2   | Found a staircase to the Snake Pit.
 22066 | Lair:2   | Found a staircase to the Shoals.
 22384 | Lair:3   | Reached skill level 10 in Invocations
 22438 | Lair:3   | Noticed a death yak
 22439 | Lair:3   | Noticed a death yak
 22440 | Lair:3   | Noticed a death yak
 22440 | Lair:3   | Noticed a death yak
 22441 | Lair:3   | Noticed a death yak
 22481 | Lair:2   | Killed a death yak
 22481 | Lair:2   | Reached skill level 10 in Axes
 22648 | Lair:2   | Killed a death yak
 22648 | Lair:2   | Reached XP level 13. HP: 75/105 MP: 20/20
 23321 | Lair:3   | Noticed Nergalle
 23335 | Lair:3   | Killed Nergalle
 26574 | Lair:5   | Noticed Rupert
 27368 | Lair:5   | Banished Rupert
 28452 | Lair:6   | Entered Level 6 of the Lair of Beasts
 28607 | Lair:6   | Found a staircase to the Slime Pits.
 28658 | Lair:6   | Reached XP level 14. HP: 102/115 MP: 17/22
 28853 | Lair:6   | Slain by a komodo dragon

Skill      XL: |  1  2  3  4  5  6  7  8  9 10 11 12 13 |
---------------+----------------------------------------+-----
Axes           | 2 3 4 5 6 7 8 10 11 | 11.3
Dodging        | 1 2 |  2.6
Armour         | 2 3 4 6 7 8 9 |  9.7
Shields        | 1 2 3 4 6 7 8 9 |  9.4
Invocations    | 3 4 5 7 8 10 11 | 11.4
Fighting       | 4 5 6 7 8 |  8.2
Throwing       | 1 2 |  2.0
Evocations     | |  0.5

Action                   |  1- 3 |  4- 6 |  7- 9 | 10-12 | 13-15 || total
-------------------------+-------+-------+-------+-------+-------++-------
Melee: Hand axe          |    95 |   301 |   466 |    41 |       ||   903
       Kick              |    11 |    54 |   135 |   305 |   193 ||   698
       War axe           |       |       |       |   953 |   543 ||  1496
Throw: Tomahawk          |       |     5 |       |       |       ||     5
       Javelin           |       |       |    16 |    11 |     5 ||    32
Invok: Depart the Abyss  |     1 |       |       |       |       ||     1
       Banish            |       |       |     2 |    15 |     8 ||    25
Evoke: Wand              |       |       |     5 |     4 |       ||     9
  Use: Scroll            |     4 |     5 |       |    22 |     7 ||    38
       Potion            |     2 |     1 |     5 |     2 |     2 ||    12
 Stab: Paralysed         |       |     2 |       |       |       ||     2
       Confused          |       |       |       |       |     1 ||     1
       Petrifying        |       |       |       |       |     1 ||     1
  Eat: Chunk             |     1 |     8 |    19 |    27 |     8 ||    63
       Ration            |       |       |     5 |     5 |     4 ||    14
Armor: Leather armour    |    29 |    19 |       |       |       ||    48
       Ring mail         |       |    42 |       |       |       ||    42
       Chain mail        |       |    68 |   226 |    58 |       ||   352
       Skin              |       |    20 |       |       |       ||    20
       Plate armour      |       |       |       |   455 |   291 ||   746
Dodge: Dodged            |    26 |    43 |    52 |   205 |    95 ||   421
Block: Shield            |    36 |   141 |   239 |   698 |   377 ||  1491
